 Dungeon Crawl Stone Soup version 0.31.0-11-ge490571c62 (webtiles) character file.

Game seed: 13042263323840421431

400 Descartes the Blocker (level 7, -6/52 HPs)
             Began as a Formicid Fighter on Feb 9, 2024.
             Was an Initiate of Gozag.
             Mangled by Crazy Yiuf
             ... wielding a +4 quarterstaff of chaos
              (18 damage)
             ... on level 4 of the Dungeon.
             The game lasted 00:03:31 (3556 turns).

Descartes the Blocker (Formicid Fighter)            Turns: 3556, Time: 00:03:32

Health: -6/52      AC:  6    Str: 22    XL:     7   Next: 10%
Magic:  7/7        EV:  9    Int:  8    God:    Gozag
Gold:   93         SH:  6    Dex: 13    Spells: 6/6 levels left

rFire   . . .        w - +1 hammer of the Known World {freeze, rPois rN+}
rCold   . . .        c - +0 buckler
rNeg    + . .        b - +0 scale mail
rPois   +            (helmet unavailable)
rElec   .            (no cloak)
rCorr   .            (no gloves)
SInv    +            (no boots)
Will    .....        (no amulet) Stlth
                     (no ring)
HPRegen 0.28/turn    (no ring)
MPRegen 0.10/turn

%: no passive effects
@: no status effects
A: permanent stasis, dig shafts and tunnels, antennae 3, four strong arms
a: Dig, Shaft Self, Renounce Religion, Potion Petition, Call Merchant, Bribe
Branch


You were on level 4 of the Dungeon.
You worshipped Gozag.
Gozag was noncommittal.
You visited 2 branches of the dungeon, and saw 5 of its levels.

You collected 132 gold pieces.
You paid 39 gold pieces to Gozag.

Inventory:

Hand Weapons
 a - a +0 war axe
 w - the +1 hammer of the Known World (weapon) {freeze, rPois rN+}
   (You found it on level 4 of the Dungeon)

   rPois:     It protects you from poison rN+: It protects you from negative
   energy.
Missiles
 j - 2 poisoned darts
 k - 12 boomerangs
Armour
 b - a +0 scale mail (worn)
 c - a +0 buckler (worn)
Jewellery
 s - a ring of magical power
Wands
 u - a wand of polymorph (5)
Scrolls
 e - 3 scrolls of revelation {unknown}
 f - a scroll of noise {unknown}
 h - a scroll of vulnerability {unknown}
 i - a scroll of torment {unknown}
 l - a scroll of identify {unknown}
 m - a scroll of enchant weapon {unknown}
 o - 2 scrolls of enchant armour {unknown}
 v - 2 scrolls of teleportation {unknown}
Potions
 d - 3 potions of might
 g - 3 potions of heal wounds
 n - 2 potions of mutation {unknown}
 p - a potion of resistance {unknown}
 q - a potion of cancellation {unknown}
 r - a potion of enlightenment {unknown}
 t - a potion of brilliance {unknown}


   Skills:
 - Level 3.2 Fighting
 - Level 2.0 Axes
 - Level 3.2 Armour
 + Level 9.8 Shields


You had 6 spell levels left.
You didn't know any spells.
Your spell library contained the following spells:

 Spells                   Type           Power      Damage    Failure   Level
 Cigotuvi's Dreadful Rot  Necr/Alch/Air  0%         N/A       89%         2
 Sublimation of Blood     Necr           0%         N/A       89%         2
 Ozocubu's Armour         Ice            0%         N/A       98%         3
 Dispel Undead            Necr           0%         3d6       100%        4
 Martyr's Knell           Necr/Summ      0%         N/A       100%        4
 Petrify                  Alch/Erth      0%         N/A       100%        4
 Irradiate                Conj/Alch      0%         3d11      100%        5
 Metabolic Englaciation   Hex/Ice        0%         N/A       100%        5
 Death Channel            Necr           0%         N/A       100%        6
 Sculpt Simulacrum        Ice/Alch       0%         N/A       100%        6


Dungeon Overview and Level Annotations

Branches:
Dungeon (4/15)             Temple (1/1) D:4

Altars:
Ashenzari
Cheibriados
Dithmenos
Elyvilon
Fedhas
Gozag
Hepliaklqana
Makhleb
Nemelex Xobeh
Okawaru
Qazlal
Ru
Sif Muna
Trog
Uskayaw
Wu Jian
Yredelemnul
Zin
The Shining One

Annotations:
D:4 Crazy Yiuf


Innate Abilities, Weirdness & Mutations

You cannot be hasted, slowed, berserked, paralysed or teleported.
You can dig through walls and to a lower floor.
You have a pair of large antennae on your head. (SInv)
Your four strong arms can wield two-handed weapons with a shield.


Message History

You see here a +0 hammer.
Found two hammers.
You see here the +1 hammer of the Known World {freeze, rPois rN+}.
w - the +1 hammer of the Known World {freeze, rPois rN+} You see here a +0 hammer.
You see here a +2 heavy hammer.
You see here a +0 hammer.
You see here a +1 hammer of protection.
You see here a +0 hammer.
The +1 hammer of the Known World {freeze, rPois rN+} glows with a cold blue light!
w - the +1 hammer of the Known World (weapon)
{freeze, rPois rN+}
Found seven hammers.
Found a runed translucent door.
You see here a +0 hammer.
Found a hammer.
Crazy Yiuf shouts!
You see here a +0 hammer.
Crazy Yiuf twirls on the spot.
You see here a +0 hammer.
Found three hammers.
You see here a +0 hammer.
You open the door.
Crazy Yiuf twirls on the spot.
You barely miss Crazy Yiuf.
Crazy Yiuf hits you with a +4 quarterstaff of chaos.
You thump Crazy Yiuf! You freeze Crazy Yiuf.
Crazy Yiuf is heavily wounded.
Crazy Yiuf hits you with a +4 quarterstaff of chaos!
Crazy Yiuf freezes you.
You barely miss Crazy Yiuf.
Crazy Yiuf is heavily wounded.
Crazy Yiuf hits you with a +4 quarterstaff of chaos!
Crazy Yiuf freezes you.
* * * LOW HITPOINT WARNING * * *
Crazy Yiuf hits you with a +4 quarterstaff of chaos.
* * * LOW HITPOINT WARNING * * *
You hit Crazy Yiuf. You freeze Crazy Yiuf.
Crazy Yiuf is severely wounded.
Crazy Yiuf hits you with a +4 quarterstaff of chaos!!
You die...
Your body crumbles into a pile of gold.

.....##......# #..##.........#
.....##......######.....#########
.....##.................#
.....#################### #
.....# .# .....# ♣♣♣♣♣#####.#
.....##### ### ♣♣♣)♣)))#....#
#######..# #)))#♣))♣)))..).# #
#..# #.))g@♣♣♣♣)))...# ##### #..#
#)))#♣♣ ♣♣))#)##### ..#.# #..#
### ♣♣##.....# )...# #..# #####.#
##..###..# #...#.#
#...##..############ ###.#.#
##...#.............# ##...##.
#.#.#..........#### #.......
#...######..#### #.######


You could see Crazy Yiuf.

Vanquished Creatures
  A black bear (D:4)
  A scorpion (D:4)
  2 bombardier beetles
  An orc priest (D:3)
  A sleepcap (D:2)
  2 orc wizards (D:3)
  4 dart slugs
  6 orcs
  5 endoplasms
  2 giant cockroaches (D:1)
  7 goblins
  5 hobgoblins
  3 jackals (D:1)
  8 kobolds
  4 quokkas
  6 ball pythons
  5 bats (D:1)
  2 frilled lizards (D:1)
  3 rats
  A butterfly (D:4)
69 creatures vanquished.

Notes
Turn   | Place    | Note
-------+----------+-------------------------------------------
     0 | D:1      | Descartes the Formicid Fighter began the quest for the Orb.
     0 | D:1      | Reached XP level 1. HP: 18/18 MP: 1/1
    51 | D:1      | Reached XP level 2. HP: 24/24 MP: 2/2
   121 | D:1      | Reached skill level 5 in Shields
   188 | D:1      | Reached XP level 3. HP: 29/29 MP: 3/3
   279 | D:1      | Found a faded altar of an unknown god.
  1026 | D:2      | Reached skill level 6 in Shields
  1216 | D:2      | Reached XP level 4. HP: 31/35 MP: 4/4
  1787 | D:3      | Reached skill level 7 in Shields
  1787 | D:3      | Reached XP level 5. HP: 38/41 MP: 5/5
  2020 | D:3      | Found a snail-covered altar of Cheibriados.
  2020 | D:3      | Found a glowing silver altar of Zin.
  2021 | D:3      | Found a broken altar of Ashenzari.
  2081 | D:3      | Found a shadowy altar of Dithmenos.
  2381 | D:3      | Reached skill level 8 in Shields
  2541 | D:2      | Reached XP level 6. HP: 31/47 MP: 6/6
  2979 | D:4      | Reached skill level 9 in Shields
  3322 | D:4      | Found a staircase to the Ecumenical Temple.
  3328 | Temple   | Entered the Ecumenical Temple
  3339 | Temple   | Became a worshipper of Gozag Ym Sagoz the Greedy
  3400 | D:4      | Noticed a black bear
  3414 | D:4      | Killed a black bear
  3415 | D:4      | Reached XP level 7. HP: 35/52 MP: 7/7
  3540 | D:4      | Identified the +1 hammer of the Known World {freeze, rPois
                  | rN+}
  3548 | D:4      | Found a runed translucent door.
  3549 | D:4      | Noticed Crazy Yiuf
  3556 | D:4      | Mangled by Crazy Yiuf

Illustrated notes

Levels and vault maps discovered:
D:1:      moated_graveyard_arrival, layout_basic, ebering_ecumenical_altar_rust
D:2:      layout_loops_ring
D:3:      layout_basic, grunt_dithmenos_smoke_and_mirrors,
          chequers_temple_overflow_statue_of_worship
D:4:      layout_basic, minmay_temple_entry_butterflies, uniq_crazy_yiuf_cottage
Temple:   nicolae_temple_bog_church

Skill      XL: |  1  2  3  4  5  6 |
---------------+-------------------+-----
Shields        | 5 6 7 8 9 |  9.8
Fighting       | |  3.2
Axes           | |  2.0
Armour         | |  3.2

Action                     |  1- 3 |  4- 6 |  7- 9 || total
---------------------------+-------+-------+-------++-------
  Melee: War axe           |    83 |   106 |       ||   189
         Mace              |       |       |     4 ||     4
    Use: Potion            |       |     1 |       ||     1
 Armour: Scale mail        |    64 |    90 |     5 ||   159
  Dodge: Dodged            |    34 |    46 |       ||    80
  Block: Buckler           |    22 |    20 |       ||    42
